 Dungeon Crawl Stone Soup version 0.28.0-49-g6dfe1f597d (webtiles) character file.

Game seed: 9757733768787779362

532 Zeld the Sneak (level 7, -7/56 HPs)
             Began as a Formicid Delver on May 18, 2022.
             Was a Believer of Nemelex Xobeh.
             Mangled by a killer bee (8 damage)
             ... on level 8 of the Dungeon.
             The game lasted 00:06:34 (7891 turns).

Zeld the Sneak (Formicid Delver)                    Turns: 7891, Time: 00:06:34

Health: -7/56      AC:  4    Str: 19    XL:     7   Next: 49%
Magic:  9/9        EV: 12    Int:  9    God:    Nemelex Xobeh [**....]
Gold:   235        SH:  0    Dex: 12    Spells: 6/6 levels left

rFire   . . .      SeeInvis +   a - +0 hand axe
rCold   . . .      Faith    .   (no shield)
rNeg    . . .      Spirit   .   b - +0 leather armour
rPois   .          Reflect  .   (helmet unavailable)
rElec   .          Harm     .   (no cloak)
rCorr   .          Rampage  .   i - +0 pair of gloves
Will    +....                   (no boots)
Stlth   +++.......              (no amulet)
HPRegen 0.18/turn               j - ring of willpower
MPRegen 0.11/turn               (no ring)

@: no status effects
A: permanent stasis, dig shafts and tunnels, antennae 3, four strong arms
a: Dig, Shaft Self, Renounce Religion, Draw Escape, Draw Destruction, Draw
Summoning


You were on level 8 of the Dungeon.
You worshipped Nemelex Xobeh.
Nemelex Xobeh was pleased with you.
You visited 2 branches of the dungeon, and saw 7 of its levels.

You collected 235 gold pieces.

Inventory:

Hand Weapons
 a - a +0 hand axe (weapon)
Armour
 b - a +0 leather armour (worn)
 i - a +0 pair of gloves (worn)
Jewellery
 j - a ring of willpower (left hand)
Wands
 f - a wand of digging (3)
Scrolls
 c - a scroll of fog
 d - 2 scrolls of vulnerability {unknown}
 e - a scroll of fear
 g - 5 scrolls of identify {unknown}
 n - a scroll of holy word {unknown}
 q - a scroll of noise {unknown}
Potions
 h - a potion of lignification {unknown}
 k - 2 potions of heal wounds {unknown}
 l - 2 potions of mutation {unknown}
 m - 2 potions of degeneration {unknown}
 o - 5 potions of curing {unknown}
 p - 2 potions of berserk rage {unknown}
 r - 2 potions of attraction {unknown}


   Skills:
 * Level 5.5 Fighting
 * Level 4.3 Axes
 + Level 3.0 Dodging
 - Level 6.0 Stealth
 + Level 2.8 Invocations
 + Level 2.8 Evocations


You had 6 spell levels left.
You didn't know any spells.
Your spell library was empty.

Dungeon Overview and Level Annotations

Branches:
Dungeon (5/15)             Temple (1/1) D:4

Altars:
Ashenzari
Cheibriados
Dithmenos
Elyvilon
Fedhas
Hepliaklqana
Kikubaaqudgha
Makhleb
Nemelex Xobeh
Okawaru
Qazlal
Ru
Sif Muna
Trog
Vehumet
Wu Jian
Xom
Yredelemnul
Zin
The Shining One

Annotations:
D:4 exclusion: ogre
D:8 Maurice


Innate Abilities, Weirdness & Mutations

You cannot be hasted, slowed, berserked, paralysed or teleported.
You can dig through walls and to a lower floor.
You have a pair of large antennae on your head. (SInv)
Your four strong arms can wield two-handed weapons with a shield.


Message History

You are too injured to fight recklessly!
You hit the human but do no damage.
The human is lightly wounded.
The human hits you with a +0 club.
You are too injured to fight recklessly!
You are too injured to fight recklessly!
You closely miss the human.
The human is lightly wounded.
The human misses you.
You are too injured to fight recklessly!
You draw a card...
You have drawn Exile.
The human barely misses you.
You closely miss the human.
The human is lightly wounded.
The human hits you with a +0 club.
* * * LOW HITPOINT WARNING * * *
The human completely misses you.
Are you sure you want to shaft yourself?
Okay, then.
You draw a card...
You have drawn the Elixir.
You begin rapidly regenerating health and magic.
The human hits you with a +0 club.
* * * LOW HITPOINT WARNING * * *
A killer bee comes into view.
The human hits you with a +0 club.
* * * LOW HITPOINT WARNING * * *
The killer bee buzzes angrily.
You hit the human but do no damage.
The human is lightly wounded.
You hear an angry buzzing noise. x2; You hear a shout!
The human hits you with a +0 club.
* * * LOW HITPOINT WARNING * * *
The human hits you with a +0 club!
* * * LOW HITPOINT WARNING * * *
You hear a shout!
Are you sure you want to shaft yourself?
The human misses you.
You begin to dig a shaft.
You continue digging a shaft.
The killer bee stings you!
You die...
Your body glows slightly and disappears.

#.....########..#
#...........###.##
#...........###..#
#.................
#.# ...###.#####.#
#.# { #p# #.# #.#
#.# #.# #y# #.#
#.. #@# #.# ##.
#p# #.# #. #.# #.#
## #.########.# #
#..........# #
############ #


You could see a human and a killer bee.

Vanquished Creatures
  An ogre (D:5)
  A phantom (D:5)
  A hound (D:5)
  2 centaur skeletons
  Ijyb (D:3)
  4 adders
  A gnoll (D:5)
  A howler monkey skeleton (D:5)
  An ufetubus (D:4)
  An adder skeleton (D:4)
  3 dart slugs
  7 orcs
  6 endoplasms
  4 giant cockroaches
  5 hobgoblins
  3 jackals (D:2)
  8 kobolds
  3 quokkas
  6 ball pythons
  13 bats
  4 frilled lizards
  5 goblins
  4 rats
85 creatures vanquished.

Vanquished Creatures (collateral kills)
  A warg (D:5)
1 creature vanquished.

Vanquished Creatures (others)
  A fungus (D:1)
1 creature vanquished.

Grand Total: 87 creatures vanquished

Notes
Turn   | Place    | Note
-------+----------+-------------------------------------------
     0 | D:5      | Zeld the Formicid Delver began the quest for the Orb.
     0 | D:5      | Reached XP level 1. HP: 18/18 MP: 1/1
    42 | D:5      | Reached XP level 2. HP: 10/24 MP: 2/2
   485 | D:4      | Reached XP level 3. HP: 30/30 MP: 3/3
   763 | D:4      | Found a staircase to the Ecumenical Temple.
   768 | Temple   | Entered the Ecumenical Temple
  1105 | Temple   | Became a worshipper of Nemelex Xobeh the Trickster
  1172 | D:4      | Noticed an ogre
  1255 | D:3      | Reached skill level 1 in Evocations
  1698 | D:1      | Reached * piety under Nemelex Xobeh
  1832 | D:1      | Found a faded altar of an unknown god.
  1882 | D:1      | HP: 1/30 [hobgoblin (2)]
  2181 | D:1      | Reached XP level 4. HP: 37/37 MP: 4/4
  2218 | D:1      | Received a gift from Nemelex Xobeh
  2682 | D:1      | Reached skill level 1 in Invocations
  3126 | D:2      | Reached ** piety under Nemelex Xobeh
  3139 | D:2      | Received a gift from Nemelex Xobeh
  3597 | D:3      | Noticed Ijyb
  4348 | D:3      | Killed Ijyb
  4349 | D:3      | Reached XP level 5. HP: 14/42 MP: 4/6
  5973 | D:4      | Reached XP level 6. HP: 37/49 MP: 7/7
  6322 | D:5      | Noticed a black bear
  6359 | D:5      | Noticed a warg
  6359 | D:5      | a black bear changed into a warg
  6367 | D:5      | Killed a warg
  6368 | D:5      | Reached skill level 5 in Fighting
  6545 | D:5      | Reached XP level 7. HP: 23/56 MP: 8/8
  7412 | D:5      | You fall into a shaft and drop 3 floors!
  7765 | D:8      | Noticed a human
  7807 | D:8      | Noticed Maurice
  7845 | D:8      | Noticed a human
  7889 | D:8      | HP: 1/56 [human/+0 club (10)]
  7891 | D:8      | Mangled by a killer bee

Illustrated notes

Levels and vault maps discovered:
D:1:      dpeg_arrival_arbitrary_b, layout_loops_ring,
          shapermc_ecumenical_altar_gd, chequers_hall_statues_y,
          minmay_misc_feat_enclosed
D:2:      layout_basic, kennysheep_generic_room_3
D:3:      layout_loops_ring, corexii_leaking_fountain, uniq_ijyb
D:4:      layout_basic, minmay_temple_entry_arrows
D:5:      layout_loops_ring, minmay_misc_feat_tiny
D:8:      layout_basic, minmay_ruffians, uniq_maurice
Temple:   mainiacjoe_temple_cubbyholes

Skill      XL: |  1  2  3  4  5  6  7 |
---------------+----------------------+-----
Dodging        | 2 3 |  3.0
Evocations     | 1 2 |  2.8
Fighting       | 4 5 |  5.5
Invocations    | 1 2 |  2.8
Axes           | 3 4 |  4.3
Stealth        | |  6.0

Action                   |  1- 3 |  4- 6 |  7- 9 || total
-------------------------+-------+-------+-------++-------
Melee: Hand axe          |   104 |   283 |    43 ||   430
       Punch             |     1 |     3 |       ||     4
       Unarmed           |       |     2 |       ||     2
Invok: Draw Destruction  |       |     2 |     3 ||     5
       Draw Summoning    |       |     1 |       ||     1
       Draw Escape       |       |       |     3 ||     3
 Abil: Shaft Self        |       |       |     2 ||     2
  Use: Scroll            |     1 |       |       ||     1
 Stab: Sleeping          |     3 |    14 |       ||    17
Armor: Leather armour    |    46 |    90 |     8 ||   144
       Skin              |       |    13 |       ||    13
Dodge: Dodged            |    91 |   171 |    39 ||   301
